 Dungeon Crawl Stone Soup version 0.22-a0-458-gb446440 (webtiles) character file.

781 xccam the Changer (level 7, -8/51 (52) HPs)
             Began as a Green Draconian Transmuter on June 8, 2018.
             Was an Initiate of Gozag.
             Shot with an arrow by a centaur (11 damage)
             ... on level 6 of the Dungeon.
             The game lasted 00:08:12 (4702 turns).

xccam the Changer (Green Draconian Transmuter)      Turns: 4702, Time: 00:08:12

HP:   -8/51 (52)    AC:  9    Str: 12    XL:     7   Next: 55%
MP:   4/10          EV: 12    Int: 15    God:    Gozag
Gold: 383           SH:  0    Dex: 12    Spells: 7/10 levels left

rFire    . . .     SeeInvis .     - Unarmed
rCold    + . .     Gourm    .   (no shield)
rNeg     . . .     Faith    .   (armour unavailable)
rPois    +         Spirit   .   (helmet restricted)
rElec    .         Reflect  .   z - +0 cloak
rCorr    .         Harm     .   k - +0 pair of gloves
MR       .....                  y - +0 pair of boots
Stlth    +.........             p - amulet of rage
HPRegen  0.17/turn              E - ring of protection from cold
MPRegen  0.12/turn              (no ring)

@: appendage, gold aura
A: breathe noxious fumes, unfitting armour, horns 2, poison resistance,
cold-blooded, AC +6
a: Breathe Noxious Fumes, End Transformation, Potion Petition, Call Merchant,
Bribe Branch, Renounce Religion, Evoke Berserk Rage


You were on level 6 of the Dungeon.
You worshipped Gozag.
Gozag was aware of your devotion.
You were not hungry.
You had grown temporary horns.
You visited 1 branch of the dungeon, and saw 6 of its levels.

You collected 482 gold pieces.
You spent 99 gold pieces at shops.

Inventory:

Missiles
 a - 63 arrows
Armour
 k - a +0 pair of gloves (worn)
 y - a +0 pair of boots (worn)
 z - a +0 cloak (worn)
 B - a +0 buckler
Jewellery
 p - an amulet of rage (around neck)
 E - a ring of protection from cold (left hand)
Wands
 l - a wand of enslavement (14)
 v - a wand of disintegration (5)
 H - a wand of flame (24)
Scrolls
 d - 9 scrolls of identify {unknown}
 f - 2 scrolls of amnesia {unknown}
 g - 3 scrolls of teleportation {unknown}
 h - a scroll of enchant armour {unknown}
 i - 5 scrolls of remove curse {unknown}
 n - 2 scrolls of magic mapping {unknown}
 o - 2 scrolls of fear {unknown}
 q - a scroll of blinking {unknown}
 t - a scroll of fog {unknown}
 u - a scroll of noise {unknown}
 A - a scroll of random uselessness {unknown}
 D - a scroll of immolation {unknown}
Potions
 b - a potion of lignification {unknown}
 e - a potion of cancellation {unknown}
 j - 2 potions of curing {unknown}
 m - a potion of berserk rage {unknown}
 r - a potion of might {unknown}
 s - 2 potions of heal wounds {unknown}
 w - a potion of resistance {unknown}
 x - a potion of mutation {unknown}
 C - a potion of haste {unknown}
 F - a potion of flight {unknown}
 G - 2 potions of brilliance {unknown}
Comestibles
 c - 9 rations


   Skills:
 - Level 1.1 Fighting
 - Level 1.7 Dodging
 - Level 6.0 Unarmed Combat
 - Level 2.0 Spellcasting
 + Level 6.9 Transmutations


You had 7 spell levels left.
You knew the following spells:

 Your Spells              Type           Power        Failure   Level  Hunger
a - Beastly Appendage     Tmut           ###...       1%          1    #......
b - Sticks to Snakes      Tmut           ###.....     1%          2    ###....

Your spell library contained the following spells:

 Spells                   Type           Power        Failure   Level  Hunger
 Spider Form              Tmut/Pois      ##........   16%         3    ###....
 Blade Hands              Tmut           ###.......   34%         5    ######.
 Ice Form                 Ice/Tmut       ##......     47%         4    #####..


Dungeon Overview and Level Annotations

Branches:
Dungeon (6/15)
 Temple: D:4-7

Altars:
Dithmenos
Gozag
Hepliaklqana
Kikubaaqudgha
Nemelex Xobeh
Sif Muna
Uskayaw
Xom
Zin

Shops:
D:4 [

Annotations:
D:6 Blork the orc, Menkaure


Innate Abilities, Weirdness & Mutations

You can breathe blasts of noxious fumes.
Your lurid green scales are hard. (AC +6)
You cannot fit into any form of body armour.
Your system is resistant to poisons. (rPois)
You are cold-blooded and may be slowed by cold attacks.
You have a pair of horns on your head.


Message History

* * * LOW HITPOINT WARNING * * *
Your ball python bites the centaur.
You barely miss the centaur.
The centaur is lightly wounded.
The centaur hits you.
* * * LOW HITPOINT WARNING * * *
Your ball python bites the centaur but does no damage.
Something hits you.
* * * LOW HITPOINT WARNING * * *
Your ball python bites the centaur but does no damage.
Unknown command.
You swap places.
The centaur wields an uncursed shortbow of velocity.
The centaur shoots an arrow.
The arrow hits your ball python.
Your ball python dies!
Your ball python bites the centaur but does no damage.
Your ball python closely misses the centaur.
The centaur shoots an arrow.
The arrow hits you!
You die...
Your body crumbles into a pile of gold.

..#.# #.#.# .. #.#.# ...
#.#.# ##.#.#<#.##
.M.........#######
###............>.#
###.#.#..#####.####
.......@(S........#
########Sc........#
###...)..{.<.....(.######
#..................#.....
#.#.###..................
# #^# #[.#...........###
#.# #............### ..#
#............#
.###.#......#.#..#


You could see a centaur and 2 friendly ball pythons.

Vanquished Creatures
  Eustachio (D:6)
  A phantom (D:6)
  A necrophage (D:5)
  A howler monkey (D:5)
  2 crimson imps
  2 centaur skeletons
  2 orc wizards (D:4)
  3 worker ants
  A worker ant zombie (D:5)
  10 adders
  3 gnolls (D:5)
  An ooze (D:4)
  A worm (D:2)
  A dart slug (D:1)
  A leopard gecko (D:4)
  5 orcs
  2 giant cockroaches (D:1)
  7 goblins
  5 hobgoblins
  7 jackals
  7 kobolds
  A quokka (D:6)
  4 bats
  4 frilled lizards
  A jackal skeleton (D:6)
  6 rats
80 creatures vanquished.

Notes
Turn   | Place    | Note
-------+----------+-------------------------------------------
     0 | D:1      | xccam the Draconian Transmuter began the quest for the Orb.
     0 | D:1      | Reached XP level 1. HP: 16/16 MP: 3/3
   386 | D:1      | Reached XP level 2. HP: 20/23 MP: 5/5
  1044 | D:2      | Reached XP level 3. HP: 25/28 MP: 6/6
  1356 | D:2      | Found a hazy altar of Hepliaklqana.
  1400 | D:2      | Found a shimmering altar of Xom.
  1755 | D:3      | Reached XP level 4. HP: 24/35 MP: 7/7
  1762 | D:3      | Reached skill level 5 in Unarmed Combat
  1792 | D:3      | Found a glowing silver altar of Zin.
  1882 | D:3      | Found a faded altar of an unknown god.
  1885 | D:3      | Became a worshipper of Gozag Ym Sagoz the Greedy
  2039 | D:3      | Found an ancient bone altar of Kikubaaqudgha.
  2327 | D:4      | Noticed a hand axe
  2327 | D:4      | Noticed a hand axe
  2388 | D:4      | Found a sparkling altar of Nemelex Xobeh.
  2402 | D:4      | Reached XP level 5. HP: 39/40 MP: 8/8
  2482 | D:4      | Found a hide-covered altar of Uskayaw.
  2789 | D:4      | Learned a level 2 spell: Sticks to Snakes
  3249 | D:4      | Found a deep blue altar of Sif Muna.
  3266 | D:4      | Found Foezac's Antique Armour Emporium.
  3274 | D:4      | Bought a cloak for 99 gold pieces
  3440 | D:5      | Entered Level 5 of the Dungeon
  3445 | D:5      | Reached XP level 6. HP: 47/47 MP: 9/9
  3690 | D:5      | Found a shadowy altar of Dithmenos.
  4005 | D:5      | Reached skill level 5 in Transmutations
  4026 | D:5      | Your scales start taking on a lurid green colour.
  4026 | D:5      | Reached XP level 7. HP: 40/51 MP: 10/10
  4026 | D:5      | Gained mutation: Your system is resistant to poisons. (rPois) [Green Draconian growth]
  4190 | D:6      | Noticed Eustachio
  4224 | D:6      | Killed Eustachio
  4413 | D:6      | Noticed Blork the orc
  4651 | D:6      | Noticed Menkaure
  4702 | D:6      | Shot with an arrow by a centaur

Vault maps used:
D:1:      co_arrival_square_in_a_square_in_a_square
D:2:      nicolae_overflow_crystal_walls, lemuel_crystal_altar, first_ration,
          hex_tiny
D:3:      zin_academy, old_standard_altar, chequers_ecumenical_altar_grove
D:4:      dancing_weapons_uskayaw, old_standard_altar, serial_shops, shop,
          nemelex_dance_club_becter
D:5:      kennysheep_big_flooded_room, marbit_many_paths, hex_medium
D:6:      trog_ov_bears_minmay, minmay_temple_entry_crystal_x,
          portal_sewer_entry_f, uniq_menkaure, uniq_blork_the_orc,
          uniq_eustachio

Skill      XL: |  1  2  3  4  5  6  7 |
---------------+----------------------+-----
Unarmed Combat | 4 5 6 |  6.0
Transmutations | 3 5 6 |  6.9
Fighting       | |  1.1
Dodging        | |  1.7
Spellcasting   | |  2.0

Action                   |  1- 3 |  4- 6 |  7- 9 || total
-------------------------+-------+-------+-------++-------
Melee: Unarmed           |   115 |   195 |    66 ||   376
       Tailslap          |    11 |    19 |     4 ||    34
       Punch             |     1 |     3 |     2 ||     6
       Headbutt          |       |       |     1 ||     1
 Cast: Beastly Appendage |       |     1 |     3 ||     4
       Sticks to Snakes  |       |       |     7 ||     7
 Abil: Breathe Noxious F |       |       |     2 ||     2
Evoke: Wand              |       |       |     6 ||     6
 Stab: Sleeping          |     1 |       |       ||     1
       Distracted        |       |     1 |       ||     1
  Eat: Chunk             |     3 |       |       ||     3
       Ration            |       |     2 |     1 ||     3
Armor: Skin              |    37 |    64 |    59 ||   160
Dodge: Dodged            |    60 |   108 |   105 ||   273

Table legend:
 A = Spawn XP
 B = Non-spawn XP
 C = Spawn XP percentage of total XP
 D = Spawn monster count
 E = Non-spawn monster count
 F = Spawn count percentage of total count
 G = Total turns spent on level
                    A         B        C        D         E        F      G
               +---------+---------+-------+---------+---------+-------+---------
         Total |       0 |    1116 |   0.0 |       0 |      80 |   0.0 |  4702
               +---------+---------+-------+---------+---------+-------+---------
           D:1 |       0 |      26 |   0.0 |       0 |      16 |   0.0 |   995
           D:2 |       0 |      37 |   0.0 |       0 |      13 |   0.0 |   536
           D:3 |       0 |      79 |   0.0 |       0 |      20 |   0.0 |   742
           D:4 |       0 |     234 |   0.0 |       0 |      11 |   0.0 |  1167
           D:5 |       0 |     427 |   0.0 |       0 |      15 |   0.0 |   998
           D:6 |       0 |     313 |   0.0 |       0 |       5 |   0.0 |   264
               +---------+---------+-------+---------+---------+-------+---------
